 Dungeon Crawl Stone Soup version 0.30.0 (webtiles) character file.

Game seed: 12191355588850049174

30 Dani the Chopper (level 3, 24/29 HPs)
             Began as a Demonspawn Fighter on May 20, 2023.
             Quit the game on level 1 of the Dungeon.
             The game lasted 00:00:30 (282 turns).

Dani the Chopper (Demonspawn Fighter)                Turns: 282, Time: 00:00:31

Health: 24/29      AC:  6    Str: 16    XL:     3   Next: 3%
Magic:  3/3        EV:  8    Int: 11    God:
Gold:   0          SH:  4    Dex: 12    Spells: 2/2 levels left

rFire   . . .        a - +0 war axe
rCold   . . .        c - +0 buckler
rNeg    . . .        b - +0 scale mail
rPois   .            (helmet restricted)
rElec   .            (no cloak)
rCorr   .            (no gloves)
SInv    .            (no boots)
Will    .....        (no amulet) Stlth
                     (no ring)
HPRegen 0.24/turn    (no ring)
MPRegen 0.08/turn

%: no passive effects
@: no status effects
A: horns 1, foul stench 1
a: no special abilities


You were on level 1 of the Dungeon.
You visited 1 branch of the dungeon, and saw 1 of its levels.

Inventory:

Hand Weapons
 a - a +0 war axe (weapon)
Armour
 b - a +0 scale mail (worn)
 c - a +0 buckler (worn)
Scrolls
 e - a scroll of enchant weapon {unknown}
Potions
 d - a potion of might
 f - a potion of invisibility {unknown}
 g - a potion of brilliance {unknown}
 h - a potion of lignification {unknown}


   Skills:
 - Level 3.0 Fighting
 + Level 3.2 Axes
 - Level 2.6 Armour
 - Level 2.6 Shields


You had 2 spell levels left.
You didn't know any spells.
Your spell library was empty.

Dungeon Overview and Level Annotations

Branches:
Dungeon (1/15)

Altars:


Innate Abilities, Weirdness & Mutations

You have a pair of small horns on your head.
You may rarely emit foul miasma when damaged in melee.


Message History

You closely miss the kobold. The bat hits you but does no damage.
The kobold hits you with a +0 whip.
A giant cockroach comes into view.
There are monsters nearby!
You closely miss the kobold. The bat hits you but does no damage.
The kobold barely misses you. The kobold hits you but does no damage.
There are monsters nearby!
You miss the bat. You hit the kobold. The bat hits you but does no damage.
The kobold barely misses you.
There are monsters nearby!
You hit the kobold.
You kill the kobold!
You hit the bat.
You kill the bat!
There are monsters nearby!
You slash the rat!
You kill the rat!
The giant cockroach closely misses you.
A giant cockroach is nearby!
You closely miss the giant cockroach. You block the giant cockroach's attack.
The giant cockroach barely misses you.
A giant cockroach is nearby!
You closely miss the giant cockroach. You block the giant cockroach's attack.
A giant cockroach is nearby!
You slash the giant cockroach!
You kill the giant cockroach!
Items here: ) †††.
Key pressed, stopping explore.
No target in view!
An endoplasm comes into view.
The endoplasm quivers.
An endoplasm is nearby!
An endoplasm is nearby!
The endoplasm freezes you.
You are frozen.
An endoplasm is nearby!
You hit the endoplasm.
The endoplasm is moderately wounded.
The endoplasm freezes you.
You are frozen.
An endoplasm is nearby!
You slash the endoplasm!
You kill the endoplasm!
Key pressed, stopping explore.
No target in view!
Found 8 stones.
No target in view!
h - a smoky amethyst potion No target in view!
Key pressed, stopping explore.
No target in view!
Key pressed, stopping explore.
No target in view!
A kobold comes into view. It is wielding a +0 short sword.
The kobold shouts!
You hear a shout!
You hear an angry hiss.
A goblin comes into view. It is wielding a +0 club.
The goblin shouts!
There are monsters nearby!
There are monsters nearby!
You barely miss the kobold. The kobold hits you but does no damage.
There are monsters nearby!
You closely miss the kobold. The kobold barely misses you.
A frilled lizard comes into view.
The kobold barely misses you.
There are monsters nearby!
You hit the kobold.
The kobold is severely wounded.
The kobold closely misses you.
You barely miss the kobold.
The kobold is severely wounded.
The kobold barely misses you.
There are monsters nearby!
You slash the kobold!
You kill the kobold!
You hit the goblin. The goblin hits you with a +0 club. x2
You have reached level 3!
Your experience leads to an increase in your attributes!
Increase (S)trength, (I)ntelligence, or (D)exterity?
You feel clever. x2
You feel monstrous as your demonic heritage exerts itself.
Your demonic ancestry asserts itself...
A pair of horns grows on your head!
You closely miss the goblin. You headbutt the goblin.
You kill the goblin!
A frilled lizard is nearby!
The frilled lizard barely misses you.
You see here a +0 short sword.
A frilled lizard is nearby!
You miss the frilled lizard.
The frilled lizard bites you but does no damage.
A frilled lizard is nearby!
You hit the frilled lizard.
The frilled lizard is heavily wounded.
You block the frilled lizard's attack.
The frilled lizard bites you but does no damage.
A frilled lizard is nearby!
You barely miss the frilled lizard.
The frilled lizard is heavily wounded.
The frilled lizard bites you.
You emit a cloud of foul miasma!
Are you sure you want to abandon this character and quit the game? (Confirm with "yes".)

###.# #.#...### # #)#
#....## ####.###....#
....†#...#..#
###....#....#
##.....##.#
##..#..##.#######
#...#...#.#...).#####
###.....#.....##@.....#
#......####..###.l....#
......................#
......................#
......................#
...........#####......#
..........## #........
..........# #........
.........##


You could see a frilled lizard.

Vanquished Creatures
  A gnoll (D:1)
  A dart slug (D:1)
  2 bats (D:1)
  3 endoplasms (D:1)
  2 giant cockroaches (D:1)
  2 goblins (D:1)
  A frilled lizard (D:1)
  4 kobolds (D:1)
  2 rats (D:1)
18 creatures vanquished.

Notes
Turn   | Place    | Note
-------+----------+-------------------------------------------
     0 | D:1      | Dani the Demonspawn Fighter began the quest for the Orb.
     0 | D:1      | Reached XP level 1. HP: 18/18 MP: 1/1
    24 | D:1      | Reached skill level 2 in Axes
    30 | D:1      | Gained mutation: You may rarely emit foul miasma when
                  | damaged in melee. [demonic ancestry]
    30 | D:1      | Reached XP level 2. HP: 21/24 MP: 2/2
   197 | D:1      | Reached skill level 3 in Axes
   277 | D:1      | Discovered your monstrous ancestry.
   277 | D:1      | Gained mutation: You have a pair of small horns on your
                  | head. [demonic ancestry]
   277 | D:1      | Reached XP level 3. HP: 25/29 MP: 3/3
   282 | D:1      | Quit the game

Illustrated notes

Levels and vault maps discovered:
D:1:      lightli_arrival_boilingwater, layout_rooms,
          shapermc_ecumenical_altar_ellora, serial_park_tiny_pond

Skill      XL: |  1  2 |
---------------+-------+-----
Axes           | 2 3 |  3.2
Fighting       | |  3.0
Armour         | |  2.6
Shields        | |  2.6

Action                     || total
---------------------------++-------
  Melee: War axe           ||    55
         Headbutt          ||     1
 Armour: Scale mail        ||    25
  Dodge: Dodged            ||    32
  Block: Buckler           ||    13

Levels and vault maps discovered:
D:1:      lightli_arrival_boilingwater, layout_rooms,
          shapermc_ecumenical_altar_ellora, serial_park_tiny_pond

Table legend: (Time is in decaauts)
 A = Elapsed time spent in this place.
 B = Non-inter-level travel time spent in this place.
 C = Inter-level travel time spent in this place.
 D = Time resting spent in this place.
 E = Time spent auto-exploring this place.
 F = Levels seen in this place.
 G = Mean time per level.
                   A        B        C        D        E       F      G
               +--------+--------+--------+--------+--------+-----+--------+
         Total |    306 |    306 |      0 |      0 |    189 |   1 |  306.0 |
       Dungeon |    306 |    306 |      0 |      0 |    189 |   1 |  306.0 |
               +--------+--------+--------+--------+--------+-----+--------+

Top non-repeatable levels by time:
     D:1: 306 daAuts

Table legend:
 A = Kills in this place as a percentage of kills in the entire game.
 B = Kills by you in this place as a percentage of kills by you in the entire game.
 C = Kills by friends in this place as a percentage of kills by friends in the entire game.
 D = Other kills in this place as a percentage of other kills in the entire game.
 E = Experience gained in this place as a percentage of experience gained in the entire game.
 F = Experience gained in this place divided by the number of levels of this place that you have seen.
                   A       B       C       D       E      F
               +-------+-------+-------+-------+-------+----------------------
         Total | 100.0 | 100.0 |   N/A |   N/A | 100.0 |  43.0
       Dungeon | 100.0 | 100.0 |   N/A |   N/A | 100.0 |  43.0
               +-------+-------+-------+-------+-------+----------------------
